NYP
TRI-CITY VALLEYCATS @ SPOKANE INDIANS
05/26/2047
 
TOP OF THE 1ST
Tri-City ValleyCats batting - Pitching for Spokane Indians : LHP Tim Siddens
Pitching: LHP Tim Siddens
Batting: RHB Jason Monico 0-0: Ball
1-0: Ball
2-0: Ball
3-0: Called Strike
3-1: Called Strike
3-2: Foul Ball, location: 2F
3-2: DOUBLE (Line Drive, 78D, EV 107.5 MPH)
Batting: RHB Drew Coleman 0-0: Called Strike
0-1: Foul Ball, location: 2F
0-2: Strikes out swinging
Batting: LHB Bruce Arvizu 0-0: Ball
1-0: Foul Ball, location: 2F
1-1: Swinging Strike
1-2: Strikes out swinging
Batting: RHB Steve Moore 0-0: Called Strike
0-1: Fly out, F9 (Flyball, 89S, EV 74.4 MPH)
Top of the 1st over - 0 runs, 1 hit, 0 errors, 1 left on base; Tri-City 0 - Spokane 0
BOTTOM OF THE 1ST
Spokane Indians batting - Pitching for Tri-City ValleyCats : LHP Jason Mitchell
Pitching: LHP Jason Mitchell
Batting: RHB Orlando Melchor 0-0: Ball
1-0: Ground out 5-3 (Groundball, 56, EV 97.5 MPH)
Batting: RHB Danny Odom 0-0: Ball
1-0: Foul Ball, location: 2F
1-1: Foul Ball, location: 2F
1-2: Ball
2-2: Ball
3-2: SOLO HOME RUN (Flyball, 78XD, EV 103.8 MPH), Distance : 410 ft
Batting: RHB David Fernandez 0-0: Foul Ball, location: 2F
0-1: Swinging Strike
0-2: Ball
1-2: Ball
2-2: Strikes out swinging
Batting: RHB Jason Ostrom 0-0: Ball
1-0: Ground out 6-3 (Groundball, 6, EV 77.5 MPH)
Bottom of the 1st over - 1 run, 1 hit, 0 errors, 0 left on base; Tri-City 0 - Spokane 1
TOP OF THE 2ND
Tri-City ValleyCats batting - Pitching for Spokane Indians : LHP Tim Siddens
Batting: RHB Nate Britton 0-0: Fly out, F7 (Flyball, 78D, EV 84.4 MPH)
Batting: RHB Jorge Gutierrez 0-0: Ground out 4-3 (Groundball, 34, EV 85.6 MPH)
Batting: LHB Bob Govella 0-0: Ball
1-0: Ball
2-0: Foul Ball, location: 2F
2-1: Swinging Strike
2-2: Foul Ball, location: 2F
2-2: Strikes out swinging
Top of the 2nd over - 0 runs, 0 hits, 0 errors, 0 left on base; Tri-City 0 - Spokane 1
BOTTOM OF THE 2ND
Spokane Indians batting - Pitching for Tri-City ValleyCats : LHP Jason Mitchell
Batting: RHB Justin Aslinger 0-0: Ball
1-0: Ball
2-0: Ball
3-0: Called Strike
3-1: Base on Balls
Batting: RHB Aaron Graham 0-0: Foul Ball, location: 2F
0-1: Ball
Justin Aslinger is caught stealing 2nd base 2-4
1-1: Swinging Strike
1-2: Strikes out swinging
Batting: SHB Santos Renteria 0-0: Foul Ball, location: 2F
0-1: Foul Ball, location: 2F
0-2: Ball
1-2: Foul Ball, location: 2F
1-2: Strikes out swinging
Bottom of the 2nd over - 0 runs, 0 hits, 0 errors, 0 left on base; Tri-City 0 - Spokane 1
TOP OF THE 3RD
Tri-City ValleyCats batting - Pitching for Spokane Indians : LHP Tim Siddens
Batting: LHB Guadalupe Gonzalez 0-0: Called Strike
0-1: Ball
1-1: Called Strike
1-2: Strikes out looking
Batting: RHB Nick Hernandes 0-0: Called Strike
0-1: Foul Ball, location: 2F
0-2: Strikes out swinging
Batting: RHB Jason Monico 0-0: Called Strike
0-1: Foul Ball, location: 2F
0-2: Ball
1-2: Strikes out looking
Top of the 3rd over - 0 runs, 0 hits, 0 errors, 0 left on base; Tri-City 0 - Spokane 1
BOTTOM OF THE 3RD
Spokane Indians batting - Pitching for Tri-City ValleyCats : LHP Jason Mitchell
Batting: RHB Luis Arce 0-0: Ball
1-0: Ball
2-0: Ball
3-0: Base on Balls
Batting: RHB Ferdi Schipper 0-0: Ball
Luis Arce steals 2nd base
1-0: Swinging Strike
1-1: Ball
2-1: Fly out, F9 (Flyball, 9, EV 86.9 MPH)
Batting: RHB Orlando Melchor 0-0: Ball
1-0: Foul Ball, location: 2F
1-1: Ball
2-1: Ball
3-1: SINGLE (Line Drive, 5L, EV 100.6 MPH)
Luis Arce to third
Batting: RHB Danny Odom 0-0: Called Strike
0-1: Called Strike
0-2: Ball
Passed Ball!
Luis Arce scores
Orlando Melchor to second
1-2: Ball
2-2: Foul Ball, location: 2F
2-2: Hit by Pitch
Batting: RHB David Fernandez 0-0: SINGLE (Groundball, 6MD, EV 104.4 MPH)
Orlando Melchor to third
Danny Odom to second
Runner from 3rd tries for Home, throw by CF and OUT! 8-2
Danny Odom to third
David Fernandez to second
Batting: RHB Jason Ostrom 0-0: SINGLE (Groundball, 5S, EV 70.6 MPH) (infield hit)
Danny Odom scores
David Fernandez to third
Batting: RHB Justin Aslinger 0-0: Called Strike
0-1: Foul Ball, location: 2F
0-2: Ball
1-2: Strikes out swinging
Bottom of the 3rd over - 2 runs, 3 hits, 0 errors, 2 left on base; Tri-City 0 - Spokane 3
TOP OF THE 4TH
Tri-City ValleyCats batting - Pitching for Spokane Indians : LHP Tim Siddens
Batting: RHB Drew Coleman 0-0: Ball
1-0: Swinging Strike
1-1: Swinging Strike
1-2: Ball
2-2: Strikes out swinging
Batting: LHB Bruce Arvizu 0-0: Fly out, F7 (Flyball, 7LM, EV 92.5 MPH)
Batting: RHB Steve Moore 0-0: Ball
1-0: Ball
2-0: Ground out 5-3 (Groundball, 56, EV 77.5 MPH)
Top of the 4th over - 0 runs, 0 hits, 0 errors, 0 left on base; Tri-City 0 - Spokane 3
BOTTOM OF THE 4TH
Spokane Indians batting - Pitching for Tri-City ValleyCats : LHP Jason Mitchell
Pitching: RHP Marty Jackson
Batting: RHB Aaron Graham 0-0: Foul Ball, location: 2F
0-1: Ball
1-1: Foul Ball, location: 2F
1-2: Ball
2-2: Foul Ball, location: 2F
2-2: Ground out 6-3 (Groundball, 6, EV 86.2 MPH)
Batting: SHB Santos Renteria 0-0: Ball
1-0: Foul Ball, location: 2F
1-1: Foul Ball, location: 2F
1-2: Strikes out swinging
Batting: RHB Luis Arce 0-0: Ball
1-0: Ball
2-0: Ball
3-0: Foul Ball, location: 2F
3-1: Base on Balls
Batting: RHB Ferdi Schipper 0-0: Called Strike
0-1: SINGLE (Groundball, 56D, EV 105.0 MPH)
Luis Arce to second
Batting: RHB Orlando Melchor 0-0: Swinging Strike
0-1: Ball
1-1: Ball
2-1: Ball
Passed Ball!
Luis Arce to third
Ferdi Schipper to second
3-1: Base on Balls
Pitching: LHP Frank Vazquez
Batting: RHB Danny Odom 0-0: Ball
1-0: Foul Ball, location: 2F
1-1: Ball
2-1: Foul Ball, location: 2F
2-2: Foul Ball, location: 2F
2-2: Ball
3-2: Base on Balls
Luis Arce scores
Ferdi Schipper to third
Orlando Melchor to second
Batting: RHB David Fernandez 0-0: Called Strike
0-1: Ball
1-1: Ball
2-1: Ball
3-1: Base on Balls
Ferdi Schipper scores
Orlando Melchor to third
Danny Odom to second
Batting: RHB Jason Ostrom 0-0: TRIPLE (Flyball, 9LD, EV 111.9 MPH)
Orlando Melchor scores
Danny Odom scores
David Fernandez scores
Batting: RHB Justin Aslinger 0-0: Ball
1-0: Ball
2-0: Foul Ball, location: 2F
2-1: Swinging Strike
2-2: Hit by Pitch
Batting: RHB Aaron Graham 0-0: Ball
1-0: Ball
2-0: Called Strike
2-1: Ball
3-1: Foul Ball, location: 2F
3-2: Foul Ball, location: 2F
3-2: Foul Ball, location: 2F
3-2: Foul Ball, location: 2F
3-2: Base on Balls
Justin Aslinger to second
Batting: SHB Santos Renteria 0-0: Ball
1-0: Called Strike
1-1: Foul Ball, location: 2F
1-2: Foul Ball, location: 2F
1-2: Ball
2-2: Fly out, F9 (Flyball, 89M, EV 87.5 MPH)
Bottom of the 4th over - 5 runs, 2 hits, 0 errors, 3 left on base; Tri-City 0 - Spokane 8
TOP OF THE 5TH
Tri-City ValleyCats batting - Pitching for Spokane Indians : LHP Tim Siddens
Batting: RHB Nate Britton 0-0: Called Strike
0-1: Ball
1-1: Ball
2-1: Ball
3-1: Base on Balls
Batting: RHB Jorge Gutierrez 0-0: Foul Ball, location: 2F
0-1: Foul Ball, location: 2F
0-2: Ball
1-2: Strikes out swinging
Batting: LHB Bob Govella 0-0: Fielders Choice at 2nd, 6-4 (Groundball, 6, EV 89.4 MPH)
Batting: LHB Guadalupe Gonzalez 0-0: SINGLE (Groundball, 4M, EV 101.9 MPH) (infield hit)
Bob Govella to second
Batting: RHB Nick Hernandes 0-0: Ball
1-0: Foul Ball, location: 2F
1-1: Called Strike
1-2: Strikes out swinging
Top of the 5th over - 0 runs, 1 hit, 0 errors, 2 left on base; Tri-City 0 - Spokane 8
BOTTOM OF THE 5TH
Spokane Indians batting - Pitching for Tri-City ValleyCats : LHP Frank Vazquez
Batting: RHB Luis Arce 0-0: Called Strike
0-1: Fly out, F6 (Popup, 6, EV 65.0 MPH)
Batting: RHB Ferdi Schipper 0-0: Fly out, F7 (Line Drive, 7S, EV 91.2 MPH)
Batting: RHB Orlando Melchor 0-0: Called Strike
0-1: Foul Ball, location: 2F
0-2: Ball
1-2: Ball
2-2: Strikes out swinging
Bottom of the 5th over - 0 runs, 0 hits, 0 errors, 0 left on base; Tri-City 0 - Spokane 8
TOP OF THE 6TH
Tri-City ValleyCats batting - Pitching for Spokane Indians : LHP Tim Siddens
Batting: RHB Jason Monico 0-0: Swinging Strike
0-1: Called Strike
0-2: Strikes out swinging
Batting: RHB Drew Coleman 0-0: Ball
1-0: Called Strike
1-1: Foul Ball, location: 2F
1-2: Foul Ball, location: 2F
1-2: Ball
2-2: Strikes out swinging
Batting: LHB Bruce Arvizu 0-0: Ball
1-0: Ball
2-0: Ball
3-0: Called Strike
3-1: Called Strike
3-2: Base on Balls
Batting: RHB Steve Moore 0-0: Ball
Pickoff Throw to First - Out! 1-3 CS
Top of the 6th over - 0 runs, 0 hits, 0 errors, 0 left on base; Tri-City 0 - Spokane 8
BOTTOM OF THE 6TH
Spokane Indians batting - Pitching for Tri-City ValleyCats : LHP Frank Vazquez
Batting: RHB Danny Odom 0-0: Ball
1-0: SOLO HOME RUN (Flyball, 7D, EV 93.8 MPH), Distance : 357 ft
Batting: RHB David Fernandez 0-0: Swinging Strike
0-1: Ball
1-1: Ball
2-1: Foul Ball, location: 2F
2-2: Ball
3-2: Foul Ball, location: 2F
3-2: Base on Balls
Batting: RHB Jason Ostrom 0-0: Ball
1-0: Ball
2-0: Ball
3-0: Called Strike
3-1: Base on Balls
David Fernandez to second
Batting: RHB Justin Aslinger 0-0: Ball
1-0: Called Strike
1-1: Foul Ball, location: 2F
1-2: Ball
2-2: Ball
3-2: Base on Balls
David Fernandez to third
Jason Ostrom to second
Pitching: RHP Keith Goodwin
Batting: RHB Aaron Graham 0-0: Ball
1-0: Ball
2-0: Ball
3-0: Called Strike
3-1: Foul Ball, location: 2F
3-2: Foul Ball, location: 2F
3-2: Foul Ball, location: 2RF, Error on foul ball, E2
3-2: GRAND SLAM HOME RUN (Flyball, 7D, EV 106.9 MPH), Distance : 399 ft
Batting: SHB Santos Renteria 0-0: Ball
1-0: Foul Ball, location: 2F
1-1: Ball
2-1: Ball
3-1: Ground out 3-1 (Groundball, 34, EV 92.5 MPH)
Batting: RHB Luis Arce 0-0: Called Strike
0-1: Ball
1-1: Ball
2-1: Ball
3-1: Swinging Strike
3-2: Strikes out swinging, 2-3 out at first.
Batting: RHB Ferdi Schipper 0-0: Ball
1-0: SOLO HOME RUN (Flyball, 78XD, EV 98.8 MPH), Distance : 412 ft
Batting: RHB Orlando Melchor 0-0: Ball
1-0: Ball
2-0: Foul Ball, location: 2F
2-1: Foul Ball, location: 2F
2-2: Foul Ball, location: 2F
2-2: Fly out, F8 (Line Drive, 8LM, EV 98.1 MPH)
Bottom of the 6th over - 6 runs, 3 hits, 1 error, 0 left on base; Tri-City 0 - Spokane 14
TOP OF THE 7TH
Tri-City ValleyCats batting - Pitching for Spokane Indians : LHP Tim Siddens
Now at 1B: Herb Craig
Now at 2B: Luis Arce
Now at SS: Darnell Jones
Batting: RHB Steve Moore 0-0: Ball
1-0: Foul Ball, location: 2F
1-1: Ball
2-1: SINGLE (Groundball, 56D, EV 103.1 MPH)
Batting: RHB Nate Britton 0-0: Fielders Choice at 2nd, 4-6 (Groundball, 4M, EV 110.0 MPH)
Batting: RHB Jorge Gutierrez 0-0: Ball
1-0: Called Strike
1-1: Swinging Strike
1-2: Strikes out swinging
Pinch Hitting: RHB Omar Amaya 0-0: Swinging Strike
0-1: Ball
1-1: Ball
2-1: Ball
3-1: DOUBLE (Line Drive, 9LS, EV 93.8 MPH)
Nate Britton to third
Batting: LHB Guadalupe Gonzalez 0-0: Ball
1-0: Foul Ball, location: 2F
1-1: Fly out, F7 (Flyball, 7LMF, EV 85.0 MPH)
Top of the 7th over - 0 runs, 2 hits, 0 errors, 2 left on base; Tri-City 0 - Spokane 14
BOTTOM OF THE 7TH
Spokane Indians batting - Pitching for Tri-City ValleyCats : RHP Keith Goodwin
Now in CF: Omar Amaya
Batting: RHB Danny Odom 0-0: Foul Ball, location: 2F
0-1: Foul Ball, location: 2F
0-2: TRIPLE (Line Drive, 89XD, EV 105.6 MPH)
Batting: RHB David Fernandez 0-0: Ball
1-0: Ball
2-0: Called Strike
2-1: Foul Ball, location: 2F
2-2: Ball
3-2: Foul Ball, location: 2F
3-2: Fly out, F9 (Flyball, 9, EV 81.9 MPH)
Batting: RHB Jason Ostrom 0-0: Called Strike
0-1: Ball
1-1: Called Strike
1-2: Foul Ball, location: 2F
1-2: Ball
2-2: Foul Ball, location: 2F
2-2: Foul Ball, location: 2F
2-2: Ball
3-2: Base on Balls
Pitching: RHP Gabe Allen
Batting: RHB Justin Aslinger 0-0: Ball
1-0: Swinging Strike
1-1: Fly out, F8 (Flyball, 8RXD, EV 91.2 MPH)
Runner from 3rd tags up, SCORES, no throw by CF
Batting: RHB Herb Craig 0-0: Foul Ball, location: 2F
0-1: Called Strike
0-2: Foul Ball, location: 2F
0-2: SINGLE (Groundball, 34D, EV 101.9 MPH) (infield hit)
Jason Ostrom to second
Batting: SHB Santos Renteria 0-0: Called Strike
0-1: Swinging Strike
0-2: Ball
1-2: Strikes out swinging
Bottom of the 7th over - 1 run, 2 hits, 0 errors, 2 left on base; Tri-City 0 - Spokane 15
TOP OF THE 8TH
Tri-City ValleyCats batting - Pitching for Spokane Indians : LHP Tim Siddens
Now at 3B: Shoh Tanioka
Batting: RHB Nick Hernandes 0-0: Fly out, F8 (Flyball, 8RD, EV 86.2 MPH)
Batting: RHB Jason Monico 0-0: Ground out 6-3 (Groundball, 6, EV 86.2 MPH)
Batting: RHB Drew Coleman 0-0: Ball
1-0: Called Strike
1-1: Called Strike
1-2: Strikes out swinging
Top of the 8th over - 0 runs, 0 hits, 0 errors, 0 left on base; Tri-City 0 - Spokane 15
BOTTOM OF THE 8TH
Spokane Indians batting - Pitching for Tri-City ValleyCats : RHP Gabe Allen
Pinch Hitting: RHB Dennis Daniels 0-0: Ball
1-0: Swinging Strike
1-1: Foul Ball, location: 2F
1-2: Foul Ball, location: 2F
1-2: Strikes out swinging
Batting: RHB Darnell Jones 0-0: Swinging Strike
0-1: Swinging Strike
0-2: Ball
1-2: Foul Ball, location: 2F
1-2: Foul Ball, location: 2F
1-2: Ball
2-2: SOLO HOME RUN (Flyball, 7D, EV 95.6 MPH), Distance : 361 ft
Pinch Hitting: RHB Andres Valles 0-0: Ball
1-0: Foul Ball, location: 2F
1-1: Swinging Strike
1-2: Foul Ball, location: 2F
1-2: Ball
2-2: Fly out, F9 (Flyball, 9, EV 95.0 MPH)
Pitching: RHP To-wai Chen
Batting: RHB Danny Odom 0-0: SINGLE (Groundball, 6M, EV 100.0 MPH) (infield hit)
Batting: RHB David Fernandez 0-0: Swinging Strike
0-1: Swinging Strike
0-2: Strikes out swinging
Bottom of the 8th over - 1 run, 2 hits, 0 errors, 1 left on base; Tri-City 0 - Spokane 16
TOP OF THE 9TH
Tri-City ValleyCats batting - Pitching for Spokane Indians : LHP Tim Siddens
Now at 2B: Darnell Jones
Now at SS: Dennis Daniels
Now in LF: Andres Valles
Batting: LHB Bruce Arvizu 0-0: Ball
1-0: Ground out 4-3 (Groundball, 34, EV 100.0 MPH)
Batting: RHB Steve Moore 0-0: Ball
1-0: Foul Ball, location: 2F
1-1: Ball
2-1: Ball
3-1: Foul Ball, location: 2F
3-2: Ground out 5-3 (Groundball, 5S, EV 73.8 MPH)
Batting: RHB Nate Britton 0-0: Called Strike
0-1: Ball
1-1: Ball
2-1: DOUBLE (Flyball, 8LXD, EV 106.2 MPH)
Batting: RHB Jorge Gutierrez 0-0: Ball
1-0: Foul Ball, location: 2F
1-1: Ground out 6-3 (Groundball, 6, EV 86.9 MPH)
Top of the 9th over - 0 runs, 1 hit, 0 errors, 1 left on base; Tri-City 0 - Spokane 16
Thursday, December 15th , 2022 - OOTP Baseball 23.9 Build 102